 Dungeon Crawl Stone Soup version 0.31-a0-662-g684573625c (webtiles) character file.

Game seed: 17781311698114469729

1139 Fodor the Covered (level 8, -4/69 HPs)
             Began as a Minotaur Fighter on Aug 31, 2023.
             Slain by a two-headed ogre
             ... wielding a +0 giant club
              (10 damage)
             ... on level 5 of the Dungeon.
             The game lasted 00:18:41 (3594 turns).

Fodor the Covered (Minotaur Fighter)                Turns: 3594, Time: 00:18:43

Health: -4/69      AC: 12    Str: 22    XL:     8   Next: 14%
Magic:  7/7        EV: 11    Int:  5    God:
Gold:   194        SH:  5    Dex: 11    Spells: 7/7 levels left

rFire   . . .        s - +0 war axe
rCold   + . .        c - +0 buckler
rNeg    . . .        a - +3 ring mail {rC+}
rPois   .            (helmet restricted)
rElec   .            x - +0 cloak
rCorr   .            k - +0 pair of gloves
SInv    .            (no boots)
Will    .....        (no amulet)
Stlth   +            (no ring)
HPRegen 0.31/turn    (no ring)
MPRegen 0.10/turn

%: no passive effects
@: studying Throwing
A: horns 2, retaliatory headbutt
a: no special abilities


You were on level 5 of the Dungeon.
You visited 1 branch of the dungeon, and saw 5 of its levels.

You collected 194 gold pieces.

Inventory:

Hand Weapons
 s - a +0 war axe (weapon)
 t - a +0 orcbow
Missiles
 e - 5 javelins (quivered)
 p - 2 atropa-tipped darts
 w - a throwing net
Armour
 a - a +3 ring mail of cold resistance (worn)
 c - a +0 buckler (worn)
 k - a +0 pair of gloves (worn)
 x - a +0 cloak (worn)
Jewellery
 b - a ring of ice
Talismans
 v - a beast talisman
Scrolls
 f - a scroll of teleportation {unknown}
 i - 3 scrolls of fear {unknown}
 m - 7 scrolls of identify {unknown}
 o - a scroll of revelation {unknown}
 r - a scroll of enchant weapon {unknown}
 u - a scroll of immolation {unknown}
Potions
 d - a potion of might
 g - a potion of attraction {unknown}
 h - a potion of mutation {unknown}
 j - 2 potions of degeneration {unknown}
 l - a potion of magic {unknown}
 n - a potion of lignification {unknown}
 q - a potion of invisibility {unknown}


   Skills:
 + Level 5.4 Fighting
 + Level 5.5 Long Blades
 + Level 4.3 Axes
 + Level 0.2 Throwing
 + Level 7.1 Armour
 + Level 2.7 Dodging
 + Level 0.5 Stealth
 + Level 5.6 Shields


You had 7 spell levels left.
You didn't know any spells.
Your spell library contained the following spells:

 Spells                   Type           Power      Damage    Failure   Level
 Poisonous Vapours        Pois/Air       0%         N/A       83%         2
 Sublimation of Blood     Necr           0%         N/A       83%         2
 Wereblood                Tmut           0%         N/A       83%         2
 Gell's Gravitas          Tloc           0%         N/A       96%         3
 Mephitic Cloud           Conj/Pois/Air  0%         N/A       96%         3
 Teleport Other           Tloc           0%         N/A       96%         3
 Freezing Cloud           Conj/Ice/Air   0%         6-21      100%        5
 Irradiate                Conj/Tmut      0%         3d11      100%        5
 Dispersal                Tloc           0%         N/A       100%        6
 Summon Hydra             Summ           0%         N/A       100%        7


Dungeon Overview and Level Annotations

Branches:
Dungeon (5/15)
 Temple: D:4-7

Altars:
Dithmenos

Shops:
D:3 =

Annotations:
D:4 1 runed translucent door, osoart's ghost, weakling DgSh


Innate Abilities, Weirdness & Mutations

You have a pair of horns on your head.
You reflexively headbutt those who attack you in melee.


Message History

The sleepcap releases spores at you!
You wake up.
You are engulfed in a cloud of soporific spores!
You are unaffected.
You hit the sleepcap.
The sleepcap is severely damaged.
The sleepcap closely misses you. The sleepcap releases spores at you.
You slash the sleepcap!
You destroy the sleepcap!
You start resting.
HP restored.
An orc comes into view. It is wielding a +0 dagger.
The orc shouts!
You hit the orc. You headbutt the orc.
You kill the orc!
You see here a +0 dagger.
Found a glowing dagger.
Found 3 scrolls labelled MALO ASKORICYT.
Found a stone staircase leading down.
m - 6 scrolls labelled MALO ASKORICYT (gained 3)
Found a scroll labelled MALO ASKORICYT.
m - 7 scrolls labelled MALO ASKORICYT (gained 1)
Found a There-And-Back Book.
You pick up a There-And-Back Book and begin reading...
You add the spells Gell's Gravitas, Teleport Other and Dispersal to your library.
A two-headed ogre comes into view. It is wielding two +0 giant clubs.
The two-headed ogre hits you with a +0 giant club!!
The two-headed ogre misses you.
You slash the two-headed ogre!
The two-headed ogre is lightly wounded.
The two-headed ogre hits you with a +0 giant club!!
* * * LOW HITPOINT WARNING * * *
The two-headed ogre hits you with a +0 giant club!
* * * LOW HITPOINT WARNING * * *
You hit the two-headed ogre but do no damage.
You headbutt the two-headed ogre!
The two-headed ogre is moderately wounded.
The two-headed ogre barely misses you. You furiously retaliate!
You headbutt the two-headed ogre!
The two-headed ogre hits you with a +0 giant club!
You die...

# .#
###.#
#@O.#
#.###
#.#
#.#
#.#
#.#
#.#
###
#.#
...
#.#


You could see a two-headed ogre.

Vanquished Creatures
  Duvessa (D:4)
  2 black bears
  An ogre (D:4)
  A centaur (D:4)
  A phantom (D:4)
  3 scorpions (D:4)
  Dowan (D:4)
  An orc priest (D:4)
  An iguana (D:4)
  Jessica (D:2)
  A sleepcap (D:5)
  Natasha (thrice) (D:2)
  An orc wizard (D:4)
  3 gnolls (D:2)
  6 adders
  A white imp (D:4)
  3 worms
  2 dart slugs
  5 orcs
  3 endoplasms
  6 giant cockroaches
  8 goblins
  10 hobgoblins
  4 jackals (D:1)
  7 kobolds
  2 quokkas (D:2)
  5 ball pythons
  6 bats
  4 frilled lizards
  2 rats (D:1)
95 creatures vanquished.

Notes
Turn   | Place    | Note
-------+----------+-------------------------------------------
     0 | D:1      | Fodor the Minotaur Fighter began the quest for the Orb.
     0 | D:1      | Reached XP level 1. HP: 19/19 MP: 0/0
   241 | D:1      | Reached XP level 2. HP: 27/27 MP: 1/1
   390 | D:1      | Reached skill level 4 in Armour
   873 | D:2      | Reached XP level 3. HP: 33/33 MP: 2/2
   966 | D:2      | Noticed Natasha
   977 | D:2      | Killed Natasha
  1051 | D:2      | Reached XP level 4. HP: 38/40 MP: 3/3
  1057 | D:2      | Noticed Natasha
  1070 | D:2      | Killed Natasha
  1224 | D:2      | Noticed Natasha
  1233 | D:2      | Killed Natasha
  1345 | D:2      | Reached skill level 5 in Armour
  1392 | D:2      | Noticed Jessica
  1402 | D:2      | Killed Jessica
  1403 | D:2      | Reached XP level 5. HP: 40/46 MP: 4/4
  1818 | D:3      | Found Qexevu's Jewellery Boutique.
  2252 | D:4      | Found a shadowy altar of Dithmenos.
  2269 | D:4      | Found a runed translucent door.
  2269 | D:4      | Noticed osoart's ghost (weakling DgSh)
  2282 | D:4      | Reached XP level 6. HP: 46/53 MP: 5/5
  2315 | D:4      | Reached skill level 1 in Dodging
  2317 | D:4      | Reached skill level 5 in Long Blades
  2317 | D:4      | Reached skill level 1 in Axes
  2317 | D:4      | Reached skill level 6 in Armour
  2400 | D:4      | Reached skill level 5 in Shields
  2400 | D:4      | Reached XP level 7. HP: 6/60 MP: 6/6
  2585 | D:4      | Noticed Duvessa
  2592 | D:4      | Noticed Dowan
  2601 | D:4      | Killed Duvessa
  2605 | D:4      | Killed Dowan
  2606 | D:4      | Reached skill level 5 in Fighting
  3116 | D:4      | Reached skill level 7 in Armour
  3170 | D:4      | Reached XP level 8. HP: 62/68 MP: 7/7
  3359 | D:5      | Entered Level 5 of the Dungeon
  3591 | D:5      | Noticed a two-headed ogre
  3594 | D:5      | Slain by a two-headed ogre

Illustrated notes

Levels and vault maps discovered:
D:1:      minmay_arrival_arboretum_small, layout_loops_ring
D:2:      layout_loops_cross, kennysheep_jessica_study, uniq_natasha
D:3:      layout_rooms, serial_shops, nicolae_shop_gaudy_bauble
D:4:      layout_basic, nicolae_dithmenos_through_a_glass_darkly,
          gammafunk_ghost_grave, minmay_manual_mullet, uniq_duvessa
D:5:      layout_loops_ring, ebering_ghost_reflecting_pool, uniq_ijyb

Skill      XL: |  1  2  3  4  5  6  7  8 |
---------------+-------------------------+-----
Shields        | 4 5 |  5.6
Armour         | 4 5 6 7 |  7.1
Fighting       | 4 5 |  5.4
Long Blades    | 3 4 5 |  5.5
Dodging        | 1 2 |  2.7
Axes           | 1 3 4 |  4.3
Throwing       | |  0.2
Stealth        | |  0.5

Action                     |  1- 3 |  4- 6 |  7- 9 || total
---------------------------+-------+-------+-------++-------
  Melee: Long sword        |    73 |   103 |       ||   176
         Headbutt          |    15 |    23 |    18 ||    56
         War axe           |       |    21 |    89 ||   110
  Throw: Javelin           |     3 |       |       ||     3
 Armour: Scale mail        |    65 |   109 |    13 ||   187
         Ring mail         |       |       |    80 ||    80
  Dodge: Dodged            |    31 |    60 |    68 ||   159
  Block: Buckler           |    21 |    24 |    31 ||    76

Table legend: (Time is in decaauts)
 A = Elapsed time spent in this place.
 B = Non-inter-level travel time spent in this place.
 C = Inter-level travel time spent in this place.
 D = Time resting spent in this place.
 E = Time spent auto-exploring this place.
 F = Levels seen in this place.
 G = Mean time per level.
                   A        B        C        D        E       F      G
               +--------+--------+--------+--------+--------+-----+--------+
         Total |   3745 |   3553 |    192 |    571 |      0 |   5 |  749.0 |
       Dungeon |   3745 |   3553 |    192 |    571 |      0 |   5 |  749.0 |
               +--------+--------+--------+--------+--------+-----+--------+

Top non-repeatable levels by time:
     D:4: 1328 daAuts
     D:2: 904 daAuts
     D:1: 845 daAuts
     D:3: 429 daAuts
     D:5: 238 daAuts
